 Dungeon Crawl Stone Soup version 0.26.1-11-gd32895ea62 (webtiles) character file.

Game seed: 3042343319488367193

35 Almogavar the Grasshopper (level 3, 0/18 HPs)
             Began as a Spriggan Warper on June 10, 2021.
             Succumbed to an adder's poison
             ... on level 2 of the Dungeon.
             The game lasted 00:04:02 (1936 turns).

Almogavar the Grasshopper (Spriggan Warper)         Turns: 1936, Time: 00:04:03

Health: 0/18       AC:  2    Str:  7    XL:     3   Next: 17%
Magic:  8/8        EV: 19    Int: 14    God:
Gold:   63         SH:  0    Dex: 16    Spells: 7/7 levels left

rFire    . . .     SeeInvis +   a - +0 short sword
rCold    . . .     Faith    .   (shield restricted)
rNeg     . . .     Spirit   .   b - +0 robe
rPois    .         Reflect  .   (helmet restricted)
rElec    .         Harm     .   (no cloak)
rCorr    .         Rampage  .   (gloves unavailable)
Will     .....                  (boots unavailable)
Stlth    ++........             (no amulet)
HPRegen  0.06/turn              (no ring)
MPRegen  0.11/turn              (no ring)

@: lethally poisoned (0 -> -11), very quick
A: very small, unfitting armour, see invisible, speed 3
a: no special abilities


You were on level 2 of the Dungeon.
You visited 1 branch of the dungeon, and saw 2 of its levels.

You collected 63 gold pieces.

Inventory:

Hand Weapons
 a - a +0 short sword (weapon)
Missiles
 e - 5 boomerangs of dispersal (quivered)
 i - 72 stones
Armour
 b - a +0 robe (worn)
Scrolls
 c - 2 scrolls of teleportation
 d - a scroll of blinking
 g - a scroll of noise {unknown}
 h - a scroll of amnesia {unknown}
 j - a scroll of remove curse {unknown}
 l - a scroll of identify {unknown}
Potions
 f - 2 potions of might {unknown}
 k - a potion of curing {unknown}


   Skills:
 + Level 1.8 Fighting
 + Level 2.5 Short Blades
 - Level 1.0 Throwing
 + Level 4.1 Dodging
 + Level 0.4 Stealth
 + Level 2.8 Spellcasting
 + Level 5.2 Translocations


You had 7 spell levels left.
You didn't know any spells.
Your spell library contained the following spells:

 Spells                   Type           Power        Failure   Level
 Blink                    Tloc           N/A          3%          2
 Gell's Gravitas          Tloc           8%           8%          3
 Lesser Beckoning         Tloc           8%           8%          3
 Teleport Other           Tloc           16%          8%          3
 Passage of Golubria      Tloc           N/A          26%         4


Dungeon Overview and Level Annotations

Branches:
Dungeon (2/15)

Altars:


Innate Abilities, Weirdness & Mutations

You are very small and have problems with some larger weapons.
You are too small for most types of armour.
You have supernaturally acute eyesight. (SInv)
You cover ground extremely quickly.


Message History

The adder is heavily wounded.
The adder bites you.
* * * LOW HITPOINT WARNING * * *
You are more poisoned.
The adder poisons you! The adder bites you but does no damage.
You hit the adder.
The adder is heavily wounded.
* * * LOW HITPOINT WARNING * * *
You feel sick. The adder barely misses you.
You hit the adder.
The adder is almost dead.
* * * LOW HITPOINT WARNING * * *
You feel sick. The adder closely misses you.
You miss the adder.
The adder is almost dead.
* * * LOW HITPOINT WARNING * * *
You feel sick. The adder misses you.
You barely miss the adder.
The adder is almost dead.
You die...

##.#.###.#.##
##.#.##.....
##.#.###.##
##.#.##... ## ##
##.#.#### ##.#.##
##.#.##. ##.#.#.#
##.#†## ##.#Sh.#
##.#.# #.#@##$)$?#
##.#. #.#.##.#.o.#
##.#.#
##.#.##.#.#.##.#.##
##.#.##.# ##.#.##
##.#.##.##.#.##
##.#.###.#.##
##.#†#.#.##
##.#.#.## ##.#.##


You could see an adder and a jackal.

Vanquished Creatures
  A dart slug (D:2)
  A leopard gecko (D:1)
  A ball python (D:1)
  A bat (D:2)
  A giant cockroach (D:1)
  3 goblins (D:1)
  2 hobgoblins (D:1)
  4 jackals (D:1)
  7 kobolds
  5 frilled lizards
  4 rats
30 creatures vanquished.

Vanquished Creatures (others)
  5 toadstools (D:1)
5 creatures vanquished.

Grand Total: 35 creatures vanquished

Notes
Turn   | Place    | Note
-------+----------+-------------------------------------------
     0 | D:1      | Almogavar the Spriggan Warper began the quest for the Orb.
     0 | D:1      | Reached XP level 1. HP: 10/10 MP: 5/5
   350 | D:1      | Reached skill level 5 in Translocations
   350 | D:1      | Reached XP level 2. HP: 14/14 MP: 6/6
  1633 | D:2      | Reached XP level 3. HP: 18/18 MP: 8/8
  1936 | D:2      | Succumbed to an adder's poison

Illustrated notes

Levels and vault maps discovered:
D:1:      ldierk_walled_garden, layout_basic, chequers_serial_rivers_small_3
D:2:      minmay_inner_zag, layout_basic, zin_academy, dk_noncrumbling_3

Skill      XL: |  1  2  3 |
---------------+----------+-----
Translocations | 5 |  5.2
Dodging        | 4 |  4.1
Fighting       | |  1.8
Short Blades   | |  2.5
Throwing       | |  1.0
Stealth        | |  0.4
Spellcasting   | |  2.8

Action                   || total
-------------------------++-------
Melee: Short sword       ||   127
  Use: Scroll            ||     1
 Stab: Sleeping          ||     4
Armor: Robe              ||    12
Dodge: Dodged            ||    92
